General information
- name: BNet
- type: Ladder team game (AT/RT)
- host: Battle.net
- saver: hustler
map: Deadlands
- players: 8
- length: 42:14
- speed: Fast
- version: 1.28 W3XP
- replay type: Public
» download(358 KB)
Players
team 1 (winner)

»
EAGLES- (
orange | 35 APM | 1474 actions | 42:13)
4 Blademaster
2 Wind Walk
2 Critical Strike
3 Shadow Hunter
1 Hex
2 Healing Wave
2 Tauren Chieftain
1 Shockwave
1 Endurance Aura
» actions
| Assign group hotkey | 28 | |
| Basic commands | 20 | |
| Build / train | 65 | |
| Enter build submenu | 19 | |
| Enter hero's abilities submenu | 9 | |
| Give item / drop item | 4 | |
| Remove unit from queue | 1 | |
| Right click | 789 | |
| Select / deselect | 277 | |
| Select group hotkey | 152 | |
| Use ability | 110 | |
1474 total
» units
| Peon | 14 | |
| Troll Witch Doctor | 6 | |
| Tauren | 4 | |
| Shaman | 3 | |
27 total
» upgrades
| Witch Doctor Training | 2 | |
| Reinforced Defenses | 1 | |
| Pulverize | 1 | |
| Shaman Training | 2 | |
| Armor | 3 | |
9 total
» buildings
| Altar of Storms | 1 | |
| Orc Burrow | 8 | |
| Stronghold | 1 | |
| Voodoo Lounge | 1 | |
| War Mill | 1 | |
| Fortress | 1 | |
| Spirit Lodge | 1 | |
| Watch Tower | 5 | |
| Tauren Totem | 2 | |
| Great Hall | 2 | |
23 total
» build order
00:17 Altar of Storms
00:27 Orc Burrow
02:06 Orc Burrow
02:11 Stronghold
02:19 Voodoo Lounge
02:27 War Mill
02:48 Orc Burrow
04:50 Fortress
04:56 Spirit Lodge
05:10 Watch Tower
05:59 Orc Burrow
07:22 Tauren Totem
07:25 Tauren Totem
10:06 Orc Burrow
11:23 Great Hall
18:33 Orc Burrow
18:50 Orc Burrow
23:59 Great Hall
24:03 Watch Tower
24:05 Watch Tower
24:06 Watch Tower
24:08 Watch Tower
25:50 Orc Burrow
» items
| Potion of Healing | 3 | |
| Healing Salve | 3 | |
| Lesser Clarity Potion | 1 | |
| Orb of Lightning | 3 | |
| Scroll of Town Portal | 3 | |
| Scroll of Speed | 1 | |
14 total
hustler (
green | 39 APM | 1631 actions | 42:14)
7 Archmage
3 Summon Water Elemental
3 Brilliance Aura
1 Mass Teleport
» actions
| Assign group hotkey | 25 | |
| Basic commands | 175 | |
| Build / train | 82 | |
| Enter build submenu | 51 | |
| Enter hero's abilities submenu | 8 | |
| Give item / drop item | 3 | |
| Right click | 571 | |
| Select / deselect | 425 | |
| Select group hotkey | 167 | |
| Use ability | 124 | |
1631 total
» units
| Peasant | 12 | |
| Footman | 5 | |
| Goblin Shredder | 1 | |
| Gryphon Rider | 8 | |
| Goblin Sapper | 8 | |
| Goblin Zeppelin | 1 | |
35 total
» upgrades
| Masonry | 3 | |
| Swords | 3 | |
| Armor | 3 | |
| Storm Hammers | 1 | |
| Animal War Training | 1 | |
11 total
» buildings
| Altar of Kings | 1 | |
| Barracks | 1 | |
| Farm | 5 | |
| Scout Tower | 41 | |
| Lumber Mill | 1 | |
| Keep | 1 | |
| Arcane Tower | 1 | |
| Arcane Vault | 3 | |
| Town Hall | 3 | |
| Guard Tower | 11 | |
| Castle | 1 | |
| Gryphon Aviary | 4 | |
| Blacksmith | 2 | |
75 total
» build order
00:47 Altar of Kings
00:48 Barracks
00:50 Farm
00:51 Farm
01:07 Farm
01:33 Farm
01:52 Scout Tower
03:05 Lumber Mill
03:32 Keep
04:29 Arcane Tower
04:41 Arcane Vault
04:58 Town Hall
05:04 Scout Tower
05:04 Scout Tower
05:04 Scout Tower
05:05 Scout Tower
05:14 Arcane Vault
05:36 Guard Tower
05:38 Guard Tower
05:42 Scout Tower
05:46 Scout Tower
05:50 Scout Tower
07:56 Castle
08:29 Guard Tower
08:48 Gryphon Aviary
08:49 Gryphon Aviary
08:50 Gryphon Aviary
09:20 Gryphon Aviary
09:24 Blacksmith
09:27 Blacksmith
09:36 Farm
14:47 Town Hall
14:50 Scout Tower
14:51 Scout Tower
14:51 Scout Tower
14:51 Scout Tower
14:52 Scout Tower
14:52 Scout Tower
14:53 Scout Tower
14:53 Scout Tower
14:55 Scout Tower
14:55 Scout Tower
14:56 Scout Tower
15:00 Arcane Vault
15:23 Guard Tower
15:55 Scout Tower
15:56 Scout Tower
15:57 Scout Tower
15:57 Scout Tower
15:58 Scout Tower
15:59 Scout Tower
16:18 Scout Tower
16:19 Scout Tower
16:20 Scout Tower
16:21 Scout Tower
16:22 Scout Tower
16:23 Scout Tower
18:00 Guard Tower
18:47 Guard Tower
20:46 Town Hall
20:50 Scout Tower
20:51 Scout Tower
20:51 Scout Tower
20:51 Scout Tower
20:54 Scout Tower
20:58 Scout Tower
20:59 Scout Tower
21:00 Scout Tower
21:00 Scout Tower
21:01 Scout Tower
21:44 Guard Tower
21:46 Guard Tower
21:47 Guard Tower
21:56 Guard Tower
23:30 Guard Tower
» items
| Mechanical Critter | 2 | |
| Scroll of Regeneration | 4 | |
| Scroll of Town Portal | 4 | |
| Staff of Sanctuary | 1 | |
| Periapt of Vitality | 2 | |
13 total
asymmetricalwar (
pink | 92 APM | 3280 actions | 35:30)
6 Archmage
3 Summon Water Elemental
2 Brilliance Aura
1 Mass Teleport
5 Pandaren Brewmaster
3 Breath of Fire
2 Drunken Haze
» actions
| Assign group hotkey | 94 | |
| Basic commands | 355 | |
| Build / train | 197 | |
| ESC pressed | 5 | |
| Enter build submenu | 67 | |
| Enter hero's abilities submenu | 11 | |
| Give item / drop item | 11 | |
| Right click | 731 | |
| Select / deselect | 519 | |
| Select group hotkey | 1044 | |
| Use ability | 246 | |
3280 total
» units
| Peasant | 18 | |
| Footman | 3 | |
| Rifleman | 2 | |
| Goblin Shredder | 2 | |
| Goblin Zeppelin | 2 | |
| Dragonhawk Rider | 5 | |
| Gryphon Rider | 5 | |
37 total
» upgrades
| Gunpowder | 3 | |
| Masonry | 3 | |
| Armor | 3 | |
| Animal War Training | 1 | |
| Cloud | 1 | |
| Storm Hammers | 1 | |
| Swords | 3 | |
15 total
» buildings
| Farm | 9 | |
| Altar of Kings | 1 | |
| Barracks | 1 | |
| Blacksmith | 2 | |
| Lumber Mill | 2 | |
| Arcane Vault | 2 | |
| Keep | 3 | |
| Scout Tower | 41 | |
| Town Hall | 3 | |
| Castle | 3 | |
| Guard Tower | 67 | |
| Arcane Tower | 11 | |
| Gryphon Aviary | 4 | |
149 total
» build order
01:03 Farm
01:08 Altar of Kings
01:11 Barracks
01:19 Farm
02:16 Blacksmith
02:18 Blacksmith
02:26 Lumber Mill
02:59 Arcane Vault
03:02 Farm
03:14 Lumber Mill
03:23 Farm
03:54 Keep
03:55 Keep
03:55 Keep
05:21 Scout Tower
05:26 Scout Tower
05:38 Town Hall
05:40 Scout Tower
05:40 Scout Tower
05:41 Scout Tower
05:43 Scout Tower
09:11 Castle
09:11 Castle
09:11 Castle
10:35 Scout Tower
10:36 Scout Tower
10:37 Scout Tower
10:39 Scout Tower
10:40 Scout Tower
10:42 Scout Tower
10:53 Town Hall
11:03 Guard Tower
11:03 Guard Tower
11:03 Guard Tower
11:14 Guard Tower
11:15 Guard Tower
11:31 Guard Tower
11:31 Guard Tower
11:32 Guard Tower
11:46 Guard Tower
11:46 Guard Tower
11:46 Guard Tower
11:50 Scout Tower
11:51 Scout Tower
11:53 Scout Tower
11:53 Scout Tower
11:56 Scout Tower
12:01 Scout Tower
12:05 Arcane Vault
12:16 Guard Tower
12:17 Guard Tower
12:19 Guard Tower
12:19 Guard Tower
12:20 Guard Tower
12:20 Guard Tower
12:20 Guard Tower
12:25 Guard Tower
12:25 Guard Tower
12:25 Guard Tower
12:44 Guard Tower
12:44 Guard Tower
12:45 Arcane Tower
12:45 Arcane Tower
12:45 Arcane Tower
12:52 Scout Tower
12:57 Scout Tower
13:06 Scout Tower
13:09 Guard Tower
13:09 Guard Tower
13:38 Guard Tower
13:38 Guard Tower
13:38 Guard Tower
13:44 Scout Tower
13:47 Scout Tower
13:51 Guard Tower
14:17 Arcane Tower
14:17 Arcane Tower
14:18 Guard Tower
14:18 Guard Tower
14:18 Guard Tower
14:29 Guard Tower
14:29 Guard Tower
14:44 Guard Tower
14:44 Guard Tower
14:57 Guard Tower
14:57 Guard Tower
14:58 Guard Tower
15:42 Scout Tower
15:43 Scout Tower
15:47 Scout Tower
16:01 Gryphon Aviary
16:02 Gryphon Aviary
16:03 Gryphon Aviary
16:04 Gryphon Aviary
16:35 Arcane Tower
16:35 Arcane Tower
16:36 Arcane Tower
20:13 Town Hall
20:15 Scout Tower
20:49 Arcane Tower
20:49 Arcane Tower
20:49 Arcane Tower
20:50 Scout Tower
21:05 Scout Tower
21:06 Scout Tower
21:06 Scout Tower
21:18 Farm
21:19 Farm
21:20 Farm
21:26 Guard Tower
21:26 Guard Tower
21:26 Guard Tower
21:46 Farm
21:47 Farm
22:03 Guard Tower
22:04 Guard Tower
22:04 Guard Tower
24:47 Scout Tower
24:47 Scout Tower
24:49 Scout Tower
24:50 Scout Tower
24:52 Scout Tower
25:12 Guard Tower
25:15 Guard Tower
25:15 Guard Tower
25:17 Scout Tower
25:17 Scout Tower
25:18 Scout Tower
25:19 Scout Tower
25:20 Scout Tower
25:21 Guard Tower
25:21 Guard Tower
25:22 Guard Tower
25:22 Guard Tower
25:22 Guard Tower
26:30 Guard Tower
26:31 Guard Tower
26:31 Guard Tower
» items
| Scroll of Regeneration | 5 | |
| Mechanical Critter | 3 | |
| Periapt of Vitality | 1 | |
| Boots of Speed | 1 | |
| Circlet of Nobility | 1 | |
| Potion of Lesser Invulnerability | 2 | |
| Staff of Sanctuary | 1 | |
| Orb of Fire | 1 | |
| Ivory Tower | 7 | |
| Scroll of Town Portal | 2 | |
| Staff of Teleportation | 3 | |
| Potion of Healing | 1 | |
28 total
snpr4858 (
blue | 19 APM | 812 actions | 42:13)
4 Keeper of the Grove
2 Entangling Roots
2 Thorns Aura
» actions
| Basic commands | 9 | |
| Build / train | 53 | |
| Enter build submenu | 13 | |
| Enter hero's abilities submenu | 4 | |
| Right click | 384 | |
| Select / deselect | 293 | |
| Use ability | 56 | |
812 total
» units
| Wisp | 12 | |
| Archer | 8 | |
| Hippogryph | 5 | |
| Druid of the Talon | 5 | |
| Faerie Dragon | 1 | |
31 total
» upgrades
| Improved Bows | 1 | |
| Hippogryph Taming | 1 | |
| Strength of the Moon | 2 | |
| Moon Armor | 2 | |
| Marksmanship | 1 | |
| Well Spring | 1 | |
| Druid of the Talon Training | 3 | |
| Strength of the Wild | 1 | |
| Reinforced Hides | 1 | |
| Mark of the Talon | 1 | |
14 total
» buildings
| Moon Well | 6 | |
| Altar of Elders | 1 | |
| Ancient of War | 1 | |
| Tree of Ages | 1 | |
| Ancient of Wind | 2 | |
| Hunter's Hall | 1 | |
| Ancient of Wonders | 1 | |
| Tree of Eternity | 1 | |
| Tree of Life | 1 | |
15 total
» build order
00:17 Moon Well
00:22 Altar of Elders
01:00 Moon Well
01:22 Ancient of War
01:58 Moon Well
02:35 Tree of Ages
04:17 Moon Well
05:02 Ancient of Wind
05:05 Ancient of Wind
06:21 Moon Well
06:28 Hunter's Hall
08:18 Ancient of Wonders
08:23 Tree of Eternity
10:15 Moon Well
19:02 Tree of Life
» items
team 2 (loser)

»
Shmanka (
purple | 95 APM | 1729 actions | 18:06)
4 Mountain King
2 Storm Bolt
2 Bash
3 Pandaren Brewmaster
2 Breath of Fire
1 Drunken Haze
2 Paladin
1 Holy Light
1 Devotion Aura
» actions
| Assign group hotkey | 551 | |
| Basic commands | 70 | |
| Build / train | 67 | |
| Enter build submenu | 24 | |
| Enter hero's abilities submenu | 9 | |
| Give item / drop item | 3 | |
| Remove unit from queue | 3 | |
| Right click | 578 | |
| Select / deselect | 226 | |
| Select group hotkey | 133 | |
| Use ability | 65 | |
1729 total
» units
| Peasant | 20 | |
| Footman | 9 | |
| Goblin Shredder | 1 | |
| Gryphon Rider | 6 | |
36 total
» upgrades
| Lumber Harvesting | 1 | |
| Swords | 2 | |
| Armor | 2 | |
| Masonry | 1 | |
| Storm Hammers | 1 | |
7 total
» buildings
| Altar of Kings | 1 | |
| Barracks | 1 | |
| Farm | 10 | |
| Arcane Vault | 1 | |
| Keep | 1 | |
| Town Hall | 2 | |
| Castle | 1 | |
| Lumber Mill | 1 | |
| Blacksmith | 1 | |
| Gryphon Aviary | 3 | |
| Scout Tower | 5 | |
| Arcane Tower | 1 | |
28 total
» build order
00:09 Altar of Kings
00:11 Barracks
00:17 Farm
01:14 Farm
01:36 Arcane Vault
02:20 Farm
02:41 Farm
04:01 Keep
04:08 Farm
06:30 Town Hall
06:33 Town Hall
06:37 Castle
06:42 Lumber Mill
06:45 Blacksmith
07:14 Farm
07:22 Farm
08:30 Farm
08:33 Farm
09:30 Farm
10:12 Gryphon Aviary
10:58 Scout Tower
11:02 Gryphon Aviary
11:07 Gryphon Aviary
11:21 Scout Tower
11:22 Scout Tower
11:34 Arcane Tower
11:59 Scout Tower
11:59 Scout Tower
» items
| Scroll of Regeneration | 2 | |
| Lesser Clarity Potion | 1 | |
| Potion of Healing | 1 | |
| Orb of Fire | 1 | |
| Scroll of Town Portal | 1 | |
6 total
MaGaZeK (
yellow | 253 APM | 5060 actions | 20:01)
4 Priestess of the Moon
2 Trueshot Aura
2 Searing Arrows
4 Keeper of the Grove
2 Entangling Roots
2 Thorns Aura
» actions
| Assign group hotkey | 58 | |
| Build / train | 105 | |
| ESC pressed | 1 | |
| Enter build submenu | 16 | |
| Enter hero's abilities submenu | 8 | |
| Give item / drop item | 3 | |
| Right click | 1869 | |
| Select / deselect | 877 | |
| Select group hotkey | 2018 | |
| Use ability | 105 | |
5060 total
» units
| Wisp | 18 | |
| Archer | 18 | |
| Druid of the Talon | 10 | |
| Dryad | 17 | |
| Hippogryph | 5 | |
| Faerie Dragon | 2 | |
70 total
» upgrades
| Improved Bows | 1 | |
| Druid of the Talon Training | 1 | |
| Abolish Magic | 1 | |
| Ultravision | 1 | |
| Strength of the Moon | 1 | |
| Strength of the Wild | 2 | |
| Marksmanship | 1 | |
8 total
» buildings
| Altar of Elders | 1 | |
| Moon Well | 10 | |
| Ancient of War | 1 | |
| Tree of Ages | 4 | |
| Hunter's Hall | 1 | |
| Ancient of Wonders | 1 | |
| Ancient of Wind | 1 | |
| Ancient of Lore | 1 | |
| Tree of Eternity | 2 | |
22 total
» build order
00:07 Altar of Elders
00:18 Moon Well
00:32 Ancient of War
01:29 Moon Well
02:43 Moon Well
03:10 Tree of Ages
03:10 Tree of Ages
03:10 Tree of Ages
03:10 Tree of Ages
04:02 Moon Well
04:40 Hunter's Hall
05:17 Ancient of Wonders
05:56 Ancient of Wind
05:59 Ancient of Lore
09:27 Moon Well
09:29 Moon Well
09:56 Tree of Eternity
09:57 Tree of Eternity
10:18 Moon Well
10:20 Moon Well
12:53 Moon Well
12:56 Moon Well
» items
MOUSE-ELITE (
teal | 46 APM | 1673 actions | 36:36)
5 Blademaster
2 Wind Walk
3 Critical Strike
» actions
| Assign group hotkey | 36 | |
| Basic commands | 37 | |
| Build / train | 59 | |
| Enter build submenu | 31 | |
| Enter hero's abilities submenu | 5 | |
| Give item / drop item | 6 | |
| Right click | 786 | |
| Select / deselect | 218 | |
| Select group hotkey | 365 | |
| Use ability | 130 | |
1673 total
» units
| Peon | 14 | |
| Goblin Shredder | 3 | |
| Troll Batrider | 7 | |
| Wind Rider | 5 | |
29 total
» upgrades
| Reinforced Defenses | 1 | |
| Liquid Fire | 1 | |
| Ensnare | 1 | |
| Ranged Weapons | 3 | |
| Armor | 2 | |
8 total
» buildings
| Altar of Storms | 1 | |
| Orc Burrow | 6 | |
| Voodoo Lounge | 1 | |
| Great Hall | 1 | |
| War Mill | 1 | |
| Stronghold | 2 | |
| Watch Tower | 26 | |
| Fortress | 2 | |
| Beastiary | 4 | |
44 total
» build order
00:10 Altar of Storms
00:21 Orc Burrow
00:53 Voodoo Lounge
02:12 Great Hall
02:42 War Mill
03:11 Stronghold
03:11 Stronghold
03:26 Orc Burrow
04:02 Watch Tower
04:04 Watch Tower
04:06 Watch Tower
04:16 Watch Tower
05:46 Fortress
05:47 Fortress
06:16 Watch Tower
06:17 Watch Tower
06:25 Watch Tower
06:33 Watch Tower
06:34 Watch Tower
06:35 Watch Tower
06:45 Watch Tower
07:16 Watch Tower
07:28 Watch Tower
07:35 Watch Tower
07:40 Beastiary
07:55 Beastiary
08:25 Watch Tower
08:26 Watch Tower
08:26 Watch Tower
08:34 Orc Burrow
08:52 Watch Tower
09:11 Orc Burrow
09:37 Watch Tower
09:49 Beastiary
09:54 Orc Burrow
11:15 Watch Tower
11:17 Watch Tower
11:19 Watch Tower
11:22 Watch Tower
13:54 Orc Burrow
15:41 Watch Tower
15:49 Beastiary
19:35 Watch Tower
20:50 Watch Tower
» items
| Healing Salve | 2 | |
| Lesser Clarity Potion | 2 | |
| Orb of Lightning | 1 | |
| Potion of Healing | 1 | |
| Scroll of Town Portal | 1 | |
| Staff of Teleportation | 1 | |
| Potion of Lesser Invulnerability | 1 | |
9 total
afker_tker_bser (
red | 7 APM | 281 actions | 42:13)
» actions
| Assign group hotkey | 2 | |
| Basic commands | 2 | |
| Build / train | 1 | |
| Right click | 96 | |
| Select / deselect | 156 | |
| Use ability | 22 | |
281 total
» items
Chat log
(03:16 / Allies) hustler: don't follow blue pls
(03:32 / Allies) asymmetricalwar: dont follow me either
(03:33 / Allies) asymmetricalwar: fool
(03:42 / Allies) asymmetricalwar: or steal my creeps
(04:03 / Allies) asymmetricalwar: ty
(04:31 / All) MOUSE-ELITE: how hot is natalie lust on a scale of 1-10
(04:47 / All) hustler: who
(04:48 / All) afker_tker_bser: LET ME SEE HER RIGHT NOW
(04:50 / All) afker_tker_bser: TABBING OUT
(04:56 / All) MOUSE-ELITE: red head
(05:02 / All) MOUSE-ELITE: looks like bella thorne
(06:49 / All) afker_tker_bser: MEH SHE OK
(07:00 / All) afker_tker_bser: FAYE REAGAN IS STILL THE BEST RED HEAD
(07:08 / All) MOUSE-ELITE: look at hub video with her in purple flanel pants thats her best one
(07:15 / All) afker_tker_bser: OK
(07:17 / All) afker_tker_bser: 1 SEC
(07:19 / All) Shmanka: fuck I love wc3
(07:41 / Allies) asymmetricalwar: lumber anyone?
(07:48 / All) MOUSE-ELITE: hes streaming on pornhub prob
(07:51 / All) afker_tker_bser: RED FLANNEL PAJAMAS?
(07:58 / All) MOUSE-ELITE: purple
(08:03 / All) afker_tker_bser: THE PAJAMAS?
(08:05 / All) MOUSE-ELITE: its like 11 million view video
(08:08 / All) MOUSE-ELITE: ya
(08:10 / All) afker_tker_bser: OH
(08:12 / All) afker_tker_bser: OK WATCHING
(08:51 / All) hustler: could you just leave
(09:17 / Allies) asymmetricalwar: lumber plz
(10:08 / Allies) asymmetricalwar: ty
(10:29 / All) afker_tker_bser: SHE JUST RIDE ON TOP
(10:43 / Allies) EAGLES-: b
(10:44 / Allies) EAGLES-: b
(10:44 / Allies) EAGLES-: b
(10:52 / All) afker_tker_bser: ITS BORING
(11:02 / All) MOUSE-ELITE: i have a fetish for simple stuff
(11:25 / All) asymmetricalwar: me too
(11:26 / All) afker_tker_bser: THATS BORING AS SHIT I CANT STAND GIRLS THAT JUST GO ON TOP AND DO NOTHING
(11:27 / All) asymmetricalwar: love downs girls
(11:51 / All) afker_tker_bser: GIVE ME ANOTHER PORNSTAR
(11:58 / All) afker_tker_bser: I NEED TO GET OFF HURY
(12:09 / All) MOUSE-ELITE: sweet monroe russian teen
(12:16 / All) afker_tker_bser: OK
(13:04 / All) hustler: oh shit lawl
(13:05 / All) hustler: I thought
(13:08 / All) hustler: that was enemy ne
(13:12 / All) afker_tker_bser: NOPE SHE SUCKS TOO
(13:15 / All) afker_tker_bser: GIVE ME ANOTHER ONE
(18:25 / All) asymmetricalwar: did your team ever even scout my expo on ur side
(18:36 / All) MOUSE-ELITE: just me accidentally
(20:00 / All) MaGaZeK: noob team
(20:10 / All) MOUSE-ELITE: nick foles #1
(21:51 / All) afker_tker_bser: YELLOW YELLED NOOB TEAM BEFORE HE WENT
(21:55 / All) afker_tker_bser: NIGGER I DIDNT EVEN PLAY
(22:00 / All) afker_tker_bser: ID FUCK ALL OF U
(22:10 / All) hustler: I've seen red play he's garbage
(22:32 / All) MOUSE-ELITE: yea
(24:31 / Allies) snpr4858: need aa
(24:32 / All) MOUSE-ELITE: die blue die
(26:26 / All) afker_tker_bser: THIS IS GONNA BE VERY BAD FOR U GUYS
(26:30 / All) MOUSE-ELITE: we dragged out a couple of hour long games vs him
(26:41 / All) MOUSE-ELITE: u-follow-i-tk or w/e
(26:43 / All) MOUSE-ELITE: are u him red?
(26:46 / All) afker_tker_bser: NO WTF
(26:58 / All) MOUSE-ELITE: hes a prick
(27:00 / All) afker_tker_bser: THIS IS MY ONLY ACCT
(27:10 / All) afker_tker_bser: STATS ME
(27:12 / All) afker_tker_bser: IM A TKER
(27:28 / All) MOUSE-ELITE: well we search on 0-0 accoutns doenst work for main accts
(27:29 / Allies) asymmetricalwar: you lose
(27:30 / Allies) asymmetricalwar: out
(27:50 / All) afker_tker_bser: i WANNA DO THIS TOO
(27:52 / Allies) hustler: You can't run, you can't hide
(27:56 / Allies) hustler: I'm coming for you blue
(28:00 / All) MOUSE-ELITE: do u have steam or trillian
(28:01 / Allies) hustler: Oh blue IM COMING IM COMING BLUE
(28:14 / All) asymmetricalwar: add teal on steam we can invite you to group chat
(28:25 / All) afker_tker_bser: I DONT HAVE STEAM
(28:33 / All) MOUSE-ELITE: ill reveal oj base and it'll be dead watch
(28:34 / All) asymmetricalwar: just go to chan bser after then
(28:39 / All) asymmetricalwar: on a 0-0 account
(28:43 / All) afker_tker_bser: OK
(28:44 / All) MOUSE-ELITE: we search in channel bser
(28:55 / All) afker_tker_bser: LMAO
(29:00 / All) afker_tker_bser: WHERE IS HE
(29:13 / All) MOUSE-ELITE: philly fans are nuts
(29:15 / All) afker_tker_bser: HE DED
(29:16 / All) MOUSE-ELITE: booing santa clause
(30:10 / All) MOUSE-ELITE: me 2. gonna watch netflix after this
(30:32 / All) MOUSE-ELITE: my trillian doenst even work
(30:34 / All) afker_tker_bser: IF YOU GUYS DONT KNOW WHAT THEY ARE DOING
(30:38 / All) afker_tker_bser: THEY ARE HOLDING U GUYS HOSTAGE
(30:45 / All) afker_tker_bser: NOBODY WINS THIS GAME
(31:07 / All) MOUSE-ELITE: pink made all towers and we never even scouted them
(31:17 / All) asymmetricalwar: yeah
(31:17 / All) afker_tker_bser: HAHA
(31:20 / All) asymmetricalwar: I towered the right side choke
(31:23 / All) asymmetricalwar: and took the expo there
(31:26 / All) asymmetricalwar: no one even noticed
(31:33 / All) asymmetricalwar: I was hoping for a sick fight at those towers
(31:48 / All) asymmetricalwar: and to get some sweet breath of fires off
(33:06 / All) MOUSE-ELITE: red will u keep ur pc on all night if we leave
(33:43 / All) hustler: red can have the win
(33:49 / All) afker_tker_bser: THANKS
(33:52 / All) MOUSE-ELITE: k
(33:52 / All) afker_tker_bser: ILL MEET U GUYS
(33:54 / All) hustler: You're welcome
(33:57 / All) MOUSE-ELITE: channel bser
(33:59 / All) afker_tker_bser: OK
(34:05 / All) MOUSE-ELITE: gamefaqs ps4 witcher 3 board i also post there
(34:08 / All) asymmetricalwar: we might be done after this game but try that chan around this same time tomorrow
(34:16 / All) asymmetricalwar: you can join if we're searching
(34:16 / All) MOUSE-ELITE: im watching netflix after this
(34:20 / All) afker_tker_bser: CLAN BSER?
(34:25 / All) asymmetricalwar: just bser
(34:28 / All) afker_tker_bser: OK
(34:30 / All) asymmetricalwar: chan is bser
(34:33 / All) MOUSE-ELITE: red if u didntknow we are getting new 4v4 maps!
(34:45 / All) afker_tker_bser: 1.29?
(34:51 / All) MOUSE-ELITE: yes new wc3 changes this month
(34:54 / All) MOUSE-ELITE: already on ptr
(34:59 / All) afker_tker_bser: SWEET
(35:23 / All) hustler: I'm giving orange and blue control
(35:51 / All) afker_tker_bser: I WANT TO DO THIS
(35:52 / All) afker_tker_bser: WITH U GUYS
(36:08 / All) MOUSE-ELITE: remember son gamefaqs witcher 3 ps4 board
(36:22 / All) afker_tker_bser: OK
(36:45 / All) hustler: stay for 1 minute
(36:51 / All) afker_tker_bser: OK
(36:53 / 10) hustler: don't know why he left lawl
(37:00 / 10) hustler: they're sending our army over to teal base
(37:20 / 10) hustler: last building only has a couple hps
(37:30 / All) afker_tker_bser: WHERE IS IT AT
(37:31 / 10) hustler: you can kill it with bm if you want
(37:37 / 10) hustler: left expo our side
(37:55 / 10) hustler: send 1 wyvern
(38:22 / 10) hustler: k
(38:33 / 10) hustler: they're ust outside teal base doing nothing for some reaosn
(39:29 / 10) hustler: lots of griffs and some dhawk
(39:40 / 10) hustler: 5 dhawk and then like 20 griffs
(39:51 / 10) hustler: yeah
(40:00 / All) afker_tker_bser: COME
(40:01 / 10) hustler: 1 hit from wyv and it dies
(40:01 / All) afker_tker_bser: FINISH ME
(40:17 / 10) hustler: if I somehow drop kill it right away so they cant build with my peasants
(40:18 / All) afker_tker_bser: i HAVE NOTHING
(40:29 / All) afker_tker_bser: OK
(40:38 / All) hustler: the epic showdown
(41:30 / All) afker_tker_bser: U WIN